 Dungeon Sprint DCSS version 0.17-a0-1954-g0dddeaa (webtiles) character file.

270 kosy22 the Grappler (level 6, -4/72 HPs)
             Began as a Troll Monk on Oct 3, 2015.
             Was the Champion of Jiyva.
             Slain by an orc warrior
             ... wielding a +0 mace
              (16 damage)
             ... in the Dungeon (Sprint IX: "|||||||||||||||||||||||||||||").
             The game lasted 00:01:29 (190 turns).

kosy22 the Grappler (Troll Monk)                     Turns: 190, Time: 00:01:29

Health: -4/72      AC:  9    Str: 18    XL:     6   Next: 1%
Magic:  5/5        EV: 13    Int:  6    God:    Jiyva [******]
Gold:   0          SH:  0    Dex: 15    Spells: 0 memorised, 5 levels left

rFire  . . .     SeeInvis .     m - +2 scimitar of Arbitration {flame, +Inv rPois Str-4}
rCold  . . .     Clarity  .     a - +0 robe
rNeg   . . .     SustAt   .     (no shield)
rPois  +         Gourm    +     (helmet restricted)
rElec  .         Spirit   .     (no cloak)
rCorr  +         Warding  .     (gloves unavailable)
rMut   .         NoTele   +     (boots unavailable)
MR     .....                    (no amulet)
Stlth  ++........               n - +2 ring of protection
                                o - +3 ring of dexterity

@: not resistant to hostile enchantments, unstealthy
A: unfitting armour, antennae 1, claws 3, molten scales 1, thin metallic scales
1, fast metabolism 3, gourmand, regeneration 2, robust 1, shaggy fur 1, tough
skin 2, pseudopods 1, jelly sensing items
a: Request Jelly, Jelly Paralyse, Slimify, Cure Bad Mutation, Renounce Religion,
Evoke Invisibility


You were in the Dungeon.
You worshipped Jiyva.
Jiyva was exalted by your worship.
You were not hungry.

You visited 1 branch

Inventory:

Hand weapons
 m - the +2 scimitar of Arbitration (weapon) {flame, +Inv rPois Str-4}
   (You found it in the Dungeon)

   It has been specially enchanted to burn those struck by it, causing extra
   injury to most foes and up to half again as much damage against particularly
   susceptible opponents.
   Big, fiery blades are also staple armaments of hydra-hunters.
   It affects your strength (-4).
   It protects you from poison.
   It lets you turn invisible.
Armour
 a - a +0 robe (worn)
Jewellery
 n - a +2 ring of protection (right claw)
 o - a +3 ring of dexterity (left claw)
Magical devices
 l - a wand of draining (7)
Scrolls
 h - 2 scrolls of blinking
 j - 3 scrolls of remove curse
 k - 2 scrolls of amnesia
Potions
 c - 5 potions of curing
 d - 3 potions of heal wounds
 e - a potion of haste
 f - 4 potions of magic
 g - a potion of berserk rage
 i - a potion of invisibility
Comestibles
 b - 2 bread rations


   Skills:
 + Level 5.2 Fighting
 + Level 1.2 Long Blades
 + Level 6.3 Dodging
 + Level 2.1 Stealth
 + Level 8.9 Unarmed Combat


You had 5 spell levels left.
You didn't know any spells.

Dungeon Overview and Level Annotations

Branches:
Dungeon (1/1)

Altars:
Cheibriados
Dithmenos
Elyvilon
Fedhas
Gozag
Kikubaaqudgha
Makhleb
Nemelex Xobeh
Okawaru
Qazlal
Ru
Sif Muna
Trog
Vehumet
Xom
Yredelemnul
Zin
The Shining One
Beogh
Jiyva
Lugonu


Innate Abilities, Weirdness & Mutations

You are too large for most types of armour.
You have claws for hands.
Your metabolism is lightning-fast.
You like to eat raw meat.
You heal very quickly.
You are covered in fur (AC +1).
You have very tough skin (AC +2).
You have a pair of small antennae on your head.
You are partially covered in molten scales (AC +1).
You are partially covered in thin metallic scales (AC +2).
You are robust (+10% HP).
Armour fits poorly on your pseudopods.
You have a small jelly attached to you that senses nearby items.


Message History

You feel stronger. x2
You barely miss the orc warrior. The orc warrior hits you with a mace.
You closely miss the orc warrior.
You bludgeon the orc warrior, but do no damage.
The orc warrior misses you.
You hit the orc warrior but do no damage.
You bludgeon the orc warrior, but do no damage.
The orc warrior hits you with a mace.
You hit the orc warrior but do no damage.
The orc warrior hits you with a mace. The orc warrior hits you with a mace!
* * * LOW HITPOINT WARNING * * *
You hit the orc warrior but do no damage.
Your claw misses the orc warrior.
Your acid blob dissolves into a puddle of slime!
The orc warrior hits you with a mace.
* * * LOW HITPOINT WARNING * * *
You closely miss the orc warrior. You bludgeon the orc warrior.
The orc warrior is lightly wounded.
The orc warrior hits you with a mace!
You die...

▓▓▓▓▓▓▓▓▓▓▓▓▓▓▓▓▓▓▓▓▓▓▓▓
______'...)....J@o.....+
▓▓▓▓▓▓▓▓▓▓▓▓▓▓▓▓▓▓▓▓▓▓▓▓
{ ∆∆∆∆


You could see an orc warrior and a neutral jelly (fellow slime).

Vanquished Creatures
  A gnoll sergeant (D)
  2 giant frogs (D)
  A worker ant (D)
  An orc wizard (D)
  2 adders (D)
  An orc (D)
  A bat skeleton (D)
  A quokka (D)
  2 bats (D)
  2 goblins (D)
  A rat (D)
15 creatures vanquished.

Notes
Turn   | Place    | Note
--------------------------------------------------------------
     0 | D        | kosy22 the Troll Monk began the quest for the Orb.
     0 | D        | Reached XP level 1. HP: 22/22 MP: 0/0
    23 | D        | Noticed a worker ant
    23 | D        | Noticed an orc wizard
    33 | D        | Killed a worker ant
    33 | D        | Reached skill level 6 in Unarmed Combat
    33 | D        | Reached XP level 2. HP: 25/31 MP: 1/1
    33 | D        | Reached XP level 3. HP: 29/37 MP: 2/2
    49 | D        | Killed an orc wizard
    65 | D        | Found a glowing silver altar of Zin.
    65 | D        | Found a glowing golden altar of the Shining One.
    65 | D        | Found an ancient bone altar of Kikubaaqudgha.
    65 | D        | Found a basalt altar of Yredelemnul.
    65 | D        | Found a shimmering altar of Xom.
    65 | D        | Found a radiant altar of Vehumet.
    66 | D        | Found an iron altar of Okawaru.
    67 | D        | Found a burning altar of Makhleb.
    68 | D        | Found a deep blue altar of Sif Muna.
    69 | D        | Found a bloodstained altar of Trog.
    70 | D        | Found a sparkling altar of Nemelex Xobeh.
    71 | D        | Found a white marble altar of Elyvilon.
    72 | D        | Found a roughly hewn altar of Beogh.
    73 | D        | Found a viscous altar of Jiyva.
    74 | D        | Found a corrupted altar of Lugonu.
   107 | D        | Found a blossoming altar of Fedhas.
   108 | D        | Found a snail-covered altar of Cheibriados.
   109 | D        | Found a shadowy altar of Dithmenos.
   110 | D        | Found a stormy altar of Qazlal.
   111 | D        | Found an opulent altar of Gozag.
   112 | D        | Found a sacrificial altar of Ru.
   115 | D        | Became a worshipper of Jiyva Jiyphoq the Shapeless
   115 | D        | Acquired Jiyva's first power
   115 | D        | Acquired Jiyva's second power
   136 | D        | Got the +2 scimitar of Arbitration {flame, +Inv rPois Str-4}
   138 | D        | Gained mutation: You are partially covered in thin metallic scales (AC +2). [Jiyva's grace]
   138 | D        | Acquired Jiyva's third power
   138 | D        | Gained mutation: You are partially covered in molten scales (AC +1). [Jiyva's grace]
   138 | D        | Gained mutation: You are robust (+10% HP). [Jiyva's grace]
   138 | D        | Acquired Jiyva's fourth power
   138 | D        | Gained mutation: You have a pair of small antennae on your head. [Jiyva's grace]
   141 | D        | Gained mutation: Armour fits poorly on your pseudopods. [Jiyva's grace]
   145 | D        | Gained mutation: You have a small jelly attached to you that senses nearby items. [Jiyva's grace]
   163 | D        | Noticed a gnoll sergeant
   163 | D        | Noticed a giant frog
   163 | D        | Noticed a giant frog
   163 | D        | Noticed an orc warrior
   172 | D        | Killed a gnoll sergeant
   172 | D        | Reached skill level 7 in Unarmed Combat
   172 | D        | Reached XP level 4. HP: 33/52 MP: 3/3
   177 | D        | Reached skill level 5 in Dodging
   177 | D        | Reached XP level 5. HP: 40/60 MP: 4/4
   179 | D        | Killed a giant frog
   179 | D        | Reached skill level 1 in Long Blades
   179 | D        | Reached skill level 8 in Unarmed Combat
   184 | D        | Killed a giant frog
   184 | D        | Reached skill level 5 in Fighting
   184 | D        | Reached XP level 6. HP: 33/72 MP: 5/5
   190 | D        | Slain by an orc warrior

Vault maps used:
D:        linesprint

Action                   |  1- 3 |  4- 6 || total
-------------------------+-------+-------++-------
Melee: Unarmed           |    35 |       ||    35
       Scimitar          |     8 |    18 ||    26
 Stab: Sleeping          |     1 |       ||     1
